 Dungeon Crawl Stone Soup version 0.24-a0-479-g9a978d2894 (webtiles) character file.

Game seed: 12438696466928596949

120491 pk666 the Eclecticist (level 16, -9/76 HPs)
             Began as a Deep Elf Wizard on July 6, 2019.
             Was a High Priest of Vehumet.
             Mangled by an alligator (10 damage)
             ... on level 2 of the Swamp on July 7, 2019.
             The game lasted 03:18:30 (50517 turns).

pk666 the Eclecticist (Deep Elf Wizard)            Turns: 50517, Time: 03:18:37

Health: -9/76      AC:  4    Str:  4    XL:     16   Next: 30%
Magic:  0/49       EV: 22    Int: 31    God:    Vehumet [*****.]
Gold:   2421       SH:  0    Dex: 13    Spells: 5/51 levels left

rFire    . . .     SeeInvis .   M - +2 dagger (venom)
rCold    . . .     Gourm    .   (no shield)
rNeg     . . .     Faith    .   a - +0 robe
rPois    +         Spirit   +   b - +0 hat
rElec    +         Reflect  .   S - scarf {Spirit}
rCorr    .         Harm     .   r - +0 pair of gloves
MR       ++...                  D - +0 pair of boots
Stlth    ++........             X - amulet of the acrobat
HPRegen  0.22/turn              L - ring "Icawnio" {rElec rPois MR+}
MPRegen  0.31/turn              J - ring of magical power

@: hasted, studying Throwing, very quick
A: no striking features
a: Renounce Religion


You were on level 2 of the Swamp.
You worshipped Vehumet.
Vehumet was extremely pleased with you.
You were not hungry.

You visited 5 branches of the dungeon, and saw 27 of its levels.
You also visited: Sewer.

You collected 2750 gold pieces.
You spent 329 gold pieces at shops.

Inventory:

Hand Weapons
 t - the +5 mace of Classification {crush, rF++ rN+++ MR- Int-2}
   (You found it on level 4 of the Dungeon)

   It inflicts extra damage upon your enemies.
   It affects your intelligence (-2).
   It greatly protects you from fire.
   It renders you almost immune to negative energy.
   It affects your resistance to hostile enchantments.
 M - a +2 dagger of venom (weapon)
Armour
 a - a +0 robe (worn)
 b - a +0 hat (worn)
 r - a +0 pair of gloves (worn)
 D - a +0 pair of boots (worn)
 S - a scarf of spirit shield (worn)
Magical Staves
 O - an uncursed staff of air
Jewellery
 i - a +2 ring of evasion
 m - an uncursed ring of flight
 C - the amulet "Hayts" {Inacc Str+2 Int+5}
   (You found it on level 15 of the Dungeon)

   [amulet of inaccuracy]

   It reduces the accuracy of all your attacks.
   It affects your strength (+2).
   It affects your intelligence (+5).
 G - an uncursed ring of positive energy
 J - a ring of magical power (right hand)
 L - the ring "Icawnio" (left hand) {rElec rPois MR+}
   (You took it off an orc on level 9 of the Dungeon)

   [ring of protection from magic]

   It insulates you from electricity.
   It protects you from poison.
   It affects your resistance to hostile enchantments.
 P - an uncursed ring of see invisible
 X - an amulet of the acrobat (around neck)
Wands
 o - a wand of disintegration (13)
 s - a wand of iceblast (17)
 H - a wand of paralysis (11)
 I - a wand of enslavement (9)
 K - a wand of flame (21)
 T - a wand of acid (16)
Scrolls
 c - 8 scrolls of enchant weapon
 g - 4 scrolls of teleportation
 h - 2 scrolls of identify
 n - 3 scrolls of amnesia
 p - a scroll of immolation
 v - 6 scrolls of fear
 y - 2 scrolls of holy word
 B - 3 scrolls of magic mapping
 E - 9 scrolls of remove curse
 N - 3 scrolls of enchant armour
 Q - 3 scrolls of summoning
 U - a scroll of fog
 W - a scroll of silence
Potions
 e - 7 potions of curing
 f - a potion of ambrosia
 j - 2 potions of might
 l - 4 potions of lignification
 q - 3 potions of flight
 w - 5 potions of brilliance
 x - 3 potions of resistance
 z - 5 potions of agility
 A - 3 potions of cancellation
 F - 2 potions of mutation
Books
 u - a manual of Throwing
Miscellaneous
 k - a lamp of fire
Comestibles
 d - 27 rations


   Skills:
 + Level 16.4 Dodging
 - Level 2.4 Stealth
 + Level 18.4 Spellcasting
 + Level 14.9 Conjurations
   Level 1.1 Summonings
 + Level 6.6 Necromancy
 - Level 3.0 Translocations
 + Level 14.8 Fire Magic
 - Level 2.0 Air Magic
 - Level 5.0 Earth Magic
 - Level 3.1 Poison Magic


You had 5 spell levels left.
You knew the following spells:

 Your Spells              Type           Power        Failure   Level  Hunger
a - Magic Dart            Conj           ####         0%          1    None
b - Blink                 Tloc           N/A          1%          2    None
c - Conjure Flame         Conj/Fire      #######.     0%          3    None
d - Mephitic Cloud        Conj/Pois/Air  ######..     1%          3    None
e - Fireball              Conj/Fire      #######...   1%          5    None
f - Force Lance           Conj/Tloc      ######..     1%          4    None
g - Borgnjor's Vile Clut  Necr/Erth      ######....   3%          5    None
h - Sticky Flame          Conj/Fire      #######.     1%          4    None
i - Orb of Destruction    Conj           #######...   1%          7    ####...
j - Bolt of Magma         Conj/Fire/Erth #######...   1%          5    None
k - Iron Shot             Conj/Erth      ######....   1%          6    None
l - Apportation           Tloc           #####.       1%          1    None

Your spell library contained the following spells:

 Spells                   Type           Power        Failure   Level  Hunger
 Venom Bolt               Conj/Pois      ######....   1%          5    None
 Searing Ray              Conj           ######       0%          2    None
 Animate Skeleton         Necr           N/A          1%          1    None
 Confusing Touch          Hex            ####..       1%          1    None
 Pain                     Necr           ####         1%          1    None
 Sandblast                Erth           ######       1%          1    None
 Sting                    Conj/Pois      ####         1%          1    None
 Summon Butterflies       Summ           #####...     1%          1    None
 Summon Small Mammal      Summ           ####         1%          1    None
 Call Imp                 Summ           #####...     1%          2    None
 Passwall                 Tmut/Erth      #####...     1%          2    None
 Poisonous Vapours        Pois/Air       #####.       1%          2    None
 Slow                     Hex            ####....     1%          2    None
 Dazzling Spray           Conj/Hex       ######       1%          3    None
 Gell's Gravitas          Tloc           #####.....   1%          3    None
 Recall                   Summ/Tloc      N/A          1%          3    None
 Regeneration             Chrm/Necr      #####.....   1%          3    None
 Stone Arrow              Conj/Erth      ######       1%          3    None
 Vampiric Draining        Necr           ######....   1%          3    None
 Animate Dead             Necr           N/A          1%          4    None
 Fulminant Prism          Conj/Hex       ######....   1%          4    None
 Iskenderun's Mystic Bla  Conj           #######.     1%          4    None
 Olgreb's Toxic Radiance  Pois           #####...     1%          4    None
 Lee's Rapid Deconstruct  Erth           ######....   1%          5    None
 Call Canine Familiar     Summ           #####...     2%          3    None
 Spider Form              Tmut/Pois      #####.....   2%          3    None
 Confuse                  Hex            ####....     4%          3    None
 Leda's Liquefaction      Hex/Erth       #####.....   4%          4    None
 Petrify                  Tmut/Erth      #####...     4%          4    None
 Summon Ice Beast         Ice/Summ       ####....     11%         4    None
 Yara's Violent Unravell  Hex/Tmut       ####......   11%         5    None
 Summon Mana Viper        Hex/Summ       ####....     30%         5    None
 Metabolic Englaciation   Hex/Ice        ####......   36%         5    None
 Death Channel            Necr           ######....   14%         6    None
 Simulacrum               Ice/Necr       #####.....   47%         6    None
 Statue Form              Tmut/Erth      #####....    58%         6    None
 Summon Hydra             Summ           #####.....   100%        7    ####...
 Shatter                  Erth           ######....   100%        9    #######


Dungeon Overview and Level Annotations

Branches:
Dungeon (15/15)            Temple (1/1) D:6            Lair (6/6) D:9
  Swamp (3/4) Lair:2       Spider (0/4) Lair:2        Slime (0/5) Lair:5
    Orc (2/2) D:10            Elf (0/3) Orc:2        Vaults (0/5) D:13
 Depths (0/5) D:15

Altars:
Ashenzari
Cheibriados
Dithmenos
Elyvilon
Fedhas
Gozag
Hepliaklqana
Kikubaaqudgha
Makhleb
Nemelex Xobeh
Okawaru
Qazlal
Ru
Sif Muna
Trog
Uskayaw
Vehumet
Wu Jian
Xom
Yredelemnul
Zin
The Shining One
Beogh

Shops:
Orc:2 ((}?

Portals:
Hell: Lair:6

Annotations:
D:3 3 runed translucent doors, anything's ghost, amateur OpAs
D:5 2 transporters, exclusion: downstairs
D:7 1 runed translucent door, hitsuchi's ghost, novice OpFi
D:12 exclusion: downstairs
D:13 2 runed translucent doors
D:15 1 runed translucent door
Lair:4 1 runed translucent door, Atiagead's ghost, adept DrCj
Swamp:2 3 runed translucent doors, Rusuj's ghost, journeyman GrBe
Swamp:3 Mara


Message History

* * * LOW HITPOINT WARNING * * *
The alligator completely misses you.
You climb upwards.
Level annotation: 3 runed translucent doors, Rusuj's ghost, journeyman GrBe
There is a stone staircase leading down here.
Casting: Fireball (safe; 1% risk of failure)
Confirm with . or Enter, or press ? or * to list all spells.
Okay, then.
Okay, then.
Okay, then.
You feel much better. The alligator closely misses you.
The alligator tail-slaps you!
* * * LOW HITPOINT WARNING * * *
You feel yourself speed up. The alligator completely misses you.
The alligator tail-slaps you.
* * * LOW HITPOINT WARNING * * *
The alligator bites you!
* * * LOW HITPOINT WARNING * * *
The alligator tail-slaps you!
You die...

♣.♣♣.♣≈≈♣♣♣♣♣..≈♣.....##......♣.♣
≈.♣♣.♣♣≈(♣♣.♣.≈.♣.....###..#.....
≈.♣♣.♣♣.....♣...♣≈....######...≈≈
≈.♣♣.♣♣♣.♣≈♣♣♣...≈........##...♣.
≈≈♣♣≈.♣♣.≈≈♣ ♣..♣..≈≈.....#...♣♣.
≈≈.♣.....≈.♣ ♣..≈≈♣≈.♣♣♣♣♣≈#.♣♣♣.
≈≈≈..≈≈.♣♣≈♣ ♣♣.≈≈♣≈.♣♣♣♣.≈♣♣♣ ♣♣
≈...≈≈≈.§≈≈♣ ♣.≈t≈≈..≈≈...♣ ♣
≈≈≈≈≈≈≈≈≈.♣♣ ♣.@.≈≈.≈.≈≈≈≈♣ ♣
.♣≈≈...≈≈≈♣ ♣♣.(≈≈.≈≈≈≈≈♣♣ ♣
≈♣≈..♣≈≈≈.♣ ♣.≈≈.♣≈.≈≈≈♣ ♣
≈≈≈.≈≈≈...♣ ♣..........♣
≈≈≈.≈≈≈≈.♣♣ ♣♣.≈.≈≈≈≈≈.♣
♣...♣≈≈♣.♣ ♣.≈.≈≈≈≈≈.♣ ♣≈≈≈≈≈♣♣.♣
♣♣.≈§.≈≈≈..♣ ♣≈.≈♣≈≈≈.♣
♣..≈♣.≈≈≈.♣♣ ♣♣..≈.≈≈.♣
♣.≈.≈.♣≈≈≈♣


You could see an alligator.

Vanquished Creatures
  Rupert (Orc:2)
  A quicksilver dragon (shapeshifter) (D:13)
  A thorn hunter (Swamp:1)
  Kirke (Lair:5)
  A tengu reaver (D:15)
  Roxanne (D:14)
  Louise (D:14)
  2 entropy weavers
  Snorg (D:12)
  A yaktaur captain (D:15)
  Harold (D:10)
  12 hydras
  A catoblepas (D:14)
  3 shambling mangroves (Swamp:3)
  3 centaur warriors
  7 alligators
  A queen ant (Lair:6)
  5 two-headed ogres
  A deep troll earth mage (D:15)
  A vampire mage (D:15)
  3 orc high priests (Orc:2)
  3 spriggans (Swamp:3)
  Sonja (D:12)
  A skeletal warrior (D:15)
  2 unseen horrors
  A swamp dragon (Swamp:2)
  A lindwurm (Lair:5)
  A harpy (shapeshifter) (D:15)
  A phantasmal warrior (D:13)
  A wizard (Lair:6)
  Pikel (D:7)
  2 necromancers
  8 orc knights
  An orb spider (shapeshifter) (D:13)
  6 orc sorcerers (Orc:2)
  A deep elf mage (D:13)
  6 ugly things
  2 cyclopes
  2 manticores
  2 fire giant skeletons (D:15)
  An elephant (Lair:6)
  A stone giant skeleton (D:15)
  2 centaur zombies
  Maurice (D:13)
  10 black mambas
  14 spiny frogs
  A smoke demon (Lair:6)
  An orange demon (Lair:6)
  3 rime drakes
  A redback zombie (D:15)
  A kobold demonologist (D:14)
  2 ice devils (Lair:6)
  A swamp worm zombie (Swamp:1)
  14 komodo dragons
  A freezing wraith (D:15)
  A guardian mummy (D:15)
  2 red devils (Lair:6)
  3 tengu conjurers
  3 meliai (D:14)
  3 jumping spiders (Lair:2)
  3 tyrant leeches (Swamp:2)
  7 hornets
  2 trolls
  2 polar bears (Lair:6)
  An alligator zombie (Swamp:1)
  8 dream sheep
  11 slime creatures
  A bog body (Lair:2)
  18 blink frogs
  14 hippogriffs
  2 redbacks (Lair:2)
  2 shadows (D:14)
  Eustachio (D:6)
  A deep troll skeleton (D:15)
  2 wyverns
  3 hogs (Lair:5)
  A human (Lair:5)
  34 yaks
  4 basilisks
  A hungry ghost (D:7)
  10 vampire mosquitoes
  11 swamp worms
  Edmund (D:4)
  4 wargs
  13 insubstantial wisps
  17 water moccasins
  5 hell hounds (Lair:6)
  9 porcupines
  20 soldier ants
  8 swamp drakes
  A hornet zombie (Swamp:1)
  28 orc warriors
  3 ice beasts
  2 sky beasts
  A necrophage (D:6)
  2 slaves (D:7)
  A phantom (D:10)
  10 centaurs
  16 ogres
  17 wolves
  19 crocodiles
  8 big kobolds
  Blork the orc (D:4)
  23 bullfrogs
  A wyvern zombie (D:13)
  A water moccasin zombie (Swamp:1)
  3 scorpions
  18 killer bees
  16 wights
  9 electric eels
  5 crimson imps
  4 howler monkeys
  2 lava snakes (D:7)
  3 hounds (D:6)
  9 jellies
  Crazy Yiuf (D:4)
  19 orc priests
  A bullfrog skeleton (D:11)
  4 centaur skeletons
  35 orc wizards
  2 iguanas
  35 worker ants
  A crocodile zombie (Swamp:1)
  2 hound skeletons
  A howler monkey zombie (D:10)
  7 gnolls
  A worker ant zombie (D:11)
  19 adders
  A river rat (Sewer)
  2 swamp drake zombies (Swamp:1)
  5 shadow imps
  8 oozes
  3 adder skeletons
  7 worms
  A dart slug (D:2)
  8 leopard geckos
  92 orcs
  9 ball pythons
  9 bats
  4 giant cockroaches
  4 goblins
  8 hobgoblins
  11 jackals
  15 kobolds
  7 quokkas
  6 frilled lizards
  A jackal skeleton (D:4)
  2 jackal zombies
  A quokka zombie (D:6)
  13 rats
  2 fungi
924 creatures vanquished.

Vanquished Creatures (collateral kills)
  A spiny frog (Lair:1)
  A soldier ant (Lair:6)
  A crocodile (Lair:1)
3 creatures vanquished.

Vanquished Creatures (others)
  A human (Lair:5)
  2 crocodiles (Lair:5)
  A killer bee (D:9)
  4 orcs (D:7)
  A quokka skeleton (D:7)
  3 bushes (Lair:5)
  17 fungi
  32 plants
61 creatures vanquished.

Grand Total: 988 creatures vanquished

Notes
Turn   | Place    | Note
-------+----------+-------------------------------------------
     0 | D:1      | pk666 the Deep Elf Wizard began the quest for the Orb.
     0 | D:1      | Reached XP level 1. HP: 10/10 MP: 7/7
   494 | D:1      | Reached XP level 2. HP: 15/15 MP: 6/9
  1189 | D:1      | Reached XP level 3. HP: 12/19 MP: 0/11
  1279 | D:1      | Learned a level 2 spell: Blink
  1283 | D:1      | Learned a level 3 spell: Conjure Flame
  1287 | D:1      | Learned a level 3 spell: Mephitic Cloud
  2007 | D:2      | Reached skill level 5 in Spellcasting
  2642 | D:3      | Reached skill level 1 in Poison Magic
  2642 | D:3      | Reached XP level 4. HP: 17/24 MP: 8/13
  2663 | D:3      | Reached skill level 1 in Fire Magic
  2663 | D:3      | Reached skill level 1 in Air Magic
  2688 | D:2      | Reached XP level 5. HP: 6/28 MP: 2/14
  4022 | D:3      | Found a runed translucent gate.
  4023 | D:3      | Found a runed translucent gate.
  4023 | D:3      | Found a runed translucent gate.
  4023 | D:3      | Noticed anything's ghost (amateur OpAs)
  4026 | D:3      | Found a roughly hewn altar of Beogh.
  4515 | D:4      | Reached XP level 6. HP: 31/32 MP: 1/16
  5078 | D:4      | Got a translucent mace
  5079 | D:4      | Identified the +5 mace of Classification {crush, rF++ rN+++
                  | MR- Int-2} (You found it on level 4 of the Dungeon)
  5154 | D:4      | Reached skill level 6 in Spellcasting
  5365 | D:4      | Found a white marble altar of Elyvilon.
  5377 | D:4      | Found a runed translucent door.
  5378 | D:4      | Noticed Crazy Yiuf
  5400 | D:4      | Killed Crazy Yiuf
  5820 | D:4      | Reached XP level 7. HP: 36/36 MP: 8/18
  6131 | D:4      | Noticed Edmund
  6152 | D:4      | Killed Edmund
  6261 | D:4      | Reached skill level 7 in Spellcasting
  6420 | D:4      | Noticed Blork the orc
  6434 | D:4      | Killed Blork the orc
  6570 | D:4      | Found a stormy altar of Qazlal.
  6698 | D:5      | Entered Level 5 of the Dungeon
  6751 | D:5      | Reached XP level 8. HP: 41/41 MP: 15/21
  6854 | D:5      | Reached skill level 5 in Conjurations
  7434 | D:5      | Found a transporter.
  7507 | D:5      | Reached skill level 8 in Spellcasting
  7507 | D:5      | Reached skill level 5 in Fire Magic
  7878 | D:5      | Found a glowing golden altar of the Shining One.
  7943 | D:5      | Found a transporter.
  8022 | D:5      | Noticed a hippogriff
  8110 | D:5      | Killed a hippogriff
  8468 | D:6      | Noticed Eustachio
  8708 | D:6      | Reached skill level 5 in Dodging
  8954 | D:6      | Found a glowing drain.
  9048 | Sewer    | Entered a sewer
  9346 | Sewer    | Reached XP level 9. HP: 45/45 MP: 12/23
  9421 | Sewer    | Reached skill level 9 in Spellcasting
 10417 | D:6      | Killed Eustachio
 10605 | D:6      | Found a shadowy altar of Dithmenos.
 10613 | D:6      | Found a blossoming altar of Fedhas.
 10838 | D:6      | Found a staircase to the Ecumenical Temple.
 10954 | Temple   | Entered the Ecumenical Temple
 10975 | Temple   | Became a worshipper of Vehumet
 12084 | D:7      | Reached skill level 10 in Spellcasting
 12880 | D:7      | Noticed Pikel
 12902 | D:7      | Killed Pikel
 12902 | D:7      | Reached XP level 10. HP: 50/50 MP: 8/26
 13258 | D:7      | Reached * piety under Vehumet
 13258 | D:7      | Offered knowledge of Sandblast by Vehumet.
 13525 | D:7      | Found a runed translucent door.
 13526 | D:7      | Noticed hitsuchi's ghost (novice OpFi)
 14335 | D:8      | Learned a level 4 spell: Iskenderun's Mystic Blast
 14340 | D:8      | Learned a level 4 spell: Force Lance
 14789 | D:8      | Found a shimmering altar of Xom.
 15215 | D:9      | Found a staircase to the Lair.
 15665 | D:9      | Reached skill level 11 in Spellcasting
 15667 | D:9      | Identified the ring "Icawnio" {rElec rPois MR+}
 15696 | D:9      | Offered knowledge of Throw Flame by Vehumet.
 15896 | D:9      | Paralysed by a hornet for 1 turns
 16188 | D:9      | Reached ** piety under Vehumet
 16398 | D:9      | Found an iron altar of Okawaru.
 16782 | D:10     | Entered Level 10 of the Dungeon
 17597 | D:10     | Noticed Harold
 17645 | D:10     | Killed Harold
 17645 | D:10     | Reached XP level 11. HP: 34/54 MP: 1/28
 17962 | D:10     | Offered knowledge of Ignite Poison by Vehumet.
 18205 | D:10     | Reached *** piety under Vehumet
 18550 | D:10     | Reached skill level 12 in Spellcasting
 18864 | D:10     | Found a staircase to the Orcish Mines.
 18871 | D:10     | Offered knowledge of Throw Icicle by Vehumet.
 18877 | D:10     | Learned a level 4 spell: Throw Icicle
 19079 | D:11     | Noticed a five-headed hydra
 19094 | D:11     | Killed a five-headed hydra
 19230 | D:11     | Noticed a cyan ugly thing
 19239 | D:11     | Killed a cyan ugly thing
 19526 | D:11     | Reached skill level 10 in Dodging
 19526 | D:11     | Reached skill level 10 in Conjurations
 19856 | D:11     | Noticed a two-headed ogre
 19864 | D:11     | Killed a two-headed ogre
 19864 | D:11     | Reached skill level 10 in Fire Magic
 20086 | D:11     | Killed an unseen horror
 20302 | D:11     | Noticed a two-headed ogre
 20308 | D:11     | Killed a two-headed ogre
 20914 | Lair:1   | Entered Level 1 of the Lair of Beasts
 21154 | Lair:1   | Reached **** piety under Vehumet
 21154 | Lair:1   | Reached skill level 13 in Spellcasting
 21178 | Lair:1   | Reached XP level 12. HP: 37/59 MP: 5/31
 21735 | Lair:1   | Offered knowledge of Sticky Flame by Vehumet.
 21871 | Lair:1   | Learned a level 4 spell: Sticky Flame
 21994 | Lair:1   | Found an iron altar of Okawaru.
 22397 | Lair:1   | Identified the +8 hunting sling of Rimid {venom, +Inv rF+}
                  | (You found it on level 1 of the Lair of Beasts)
 24029 | Lair:2   | Noticed an eight-headed hydra
 24034 | Lair:2   | Killed an eight-headed hydra
 24152 | Lair:2   | Reached skill level 14 in Spellcasting
 24367 | Lair:2   | Found a hole to the Spider Nest.
 24375 | Lair:2   | You fall into a shaft and drop 1 floor!
 24740 | Lair:2   | Found a staircase to the Swamp.
 26050 | Lair:4   | Reached XP level 13. HP: 63/63 MP: 32/33
 26429 | Lair:4   | Noticed Atiagead's ghost (adept DrCj)
 26597 | Lair:4   | Found a runed translucent door.
 28036 | Lair:5   | Found a staircase to the Slime Pits.
 28315 | Lair:5   | Reached ***** piety under Vehumet
 28549 | Lair:5   | Reached skill level 15 in Spellcasting
 28652 | Lair:5   | Noticed Kirke
 28666 | Lair:5   | Killed Kirke
 28865 | Lair:5   | Offered knowledge of Orb of Destruction by Vehumet.
 28874 | Lair:5   | Learned a level 7 spell: Orb of Destruction
 29529 | Lair:6   | Entered Level 6 of the Lair of Beasts
 30453 | Lair:6   | Noticed an entropy weaver
 30695 | Lair:5   | Killed an entropy weaver
 31051 | Lair:6   | Noticed an entropy weaver
 31261 | Lair:6   | Killed an entropy weaver
 31416 | Lair:6   | Reached XP level 14. HP: 68/68 MP: 15/35
 31580 | Lair:6   | Got a pair of ancient gloves
 31593 | Lair:6   | Identified the +2 pair of gloves of Okawaru's Displeasure
                  | {rPois rF- Regen+ Slay+2} (You found it on level 6 of the
                  | Lair of Beasts)
 32502 | Lair:6   | Reached skill level 16 in Spellcasting
 34346 | Lair:6   | Found a burning altar of Makhleb.
 34435 | Lair:6   | Found a gateway to Hell.
 34719 | Orc:1    | Entered Level 1 of the Orcish Mines
 35156 | Orc:2    | Entered Level 2 of the Orcish Mines
 35159 | Orc:2    | Offered knowledge of Airstrike by Vehumet.
 35744 | Orc:2    | Found a staircase to the Elven Halls.
 35748 | Orc:2    | Found a roughly hewn altar of Beogh.
 36002 | Orc:1    | Learned a level 5 spell: Bolt of Magma
 36009 | Orc:1    | Learned a level 6 spell: Iron Shot
 37339 | Orc:2    | Found a roughly hewn altar of Beogh.
 37445 | Orc:2    | Noticed Rupert
 37459 | Orc:2    | Killed Rupert
 37986 | Orc:2    | Found Ysmior's Magic Scroll Shop.
 37986 | Orc:2    | Found Ygukkeck's Gadget Shop.
 37987 | Orc:2    | Found Paniw's Weapon Shoppe.
 37987 | Orc:2    | Found Feiqirey's Antique Weapon Shoppe.
 38105 | Orc:2    | Bought a scroll of magic mapping for 49 gold pieces
 38168 | Orc:2    | Bought a scroll of identify for 28 gold pieces
 38168 | Orc:2    | Bought a scroll of identify for 28 gold pieces
 38168 | Orc:2    | Bought a scroll of blinking for 105 gold pieces
 38168 | Orc:2    | Bought a scroll of teleportation for 42 gold pieces
 38168 | Orc:2    | Bought a scroll of identify for 28 gold pieces
 38168 | Orc:2    | Bought a scroll of fear for 49 gold pieces
 38309 | Orc:2    | Upgraded the game from 0.24-a0-475-g5b41c6f198 to
                  | 0.24-a0-479-g9a978d2894
 38476 | D:12     | Noticed Snorg
 38489 | D:12     | Killed Snorg
 38489 | D:12     | Offered knowledge of Fireball by Vehumet.
 38497 | D:12     | Learned a level 5 spell: Fireball
 38871 | D:12     | Noticed Sonja
 38874 | D:12     | Killed Sonja
 39366 | D:13     | Noticed Maurice
 39370 | D:13     | Killed Maurice
 39370 | D:13     | Reached skill level 17 in Spellcasting
 39370 | D:13     | Reached XP level 15. HP: 72/72 MP: 26/38
 39378 | D:13     | Reached skill level 15 in Dodging
 40621 | D:13     | Found a large runed translucent door.
 40621 | D:13     | Found a large runed translucent door.
 41256 | D:13     | Noticed a sphinx
 41256 | D:13     | a dire elephant changed into a sphinx
 41260 | D:13     | Noticed a quicksilver dragon
 41260 | D:13     | a sphinx changed into a quicksilver dragon
 41261 | D:13     | Killed a quicksilver dragon
 41671 | D:13     | Found a gate to the Vaults.
 42107 | D:14     | Noticed Roxanne
 42252 | D:14     | Noticed Louise
 42324 | D:14     | Learned a level 5 spell: Borgnjor's Vile Clutch
 42597 | D:14     | Reached skill level 1 in Necromancy
 42603 | D:14     | Reached skill level 1 in Earth Magic
 43005 | D:14     | Killed Louise
 44168 | D:14     | Killed Roxanne
 44339 | D:15     | Entered Level 15 of the Dungeon
 44976 | D:15     | Found a staircase to the Depths.
 45279 | D:15     | Noticed a tengu reaver
 45680 | D:15     | Offered knowledge of Venom Bolt by Vehumet.
 45722 | D:15     | Killed a tengu reaver
 46091 | D:15     | Found a runed translucent door.
 46115 | D:15     | Got a steaming iron amulet
 46116 | D:15     | Identified the amulet "Hayts" {Inacc Str+2 Int+5} (You
                  | found it on level 15 of the Dungeon)
 46722 | Swamp:1  | Entered Level 1 of the Swamp
 46749 | Swamp:1  | Reached skill level 5 in Necromancy
 47167 | Swamp:1  | Noticed a thorn hunter
 47173 | Swamp:1  | Reached skill level 18 in Spellcasting
 47175 | Swamp:1  | Killed a thorn hunter
 47175 | Swamp:1  | Reached skill level 5 in Earth Magic
 47845 | Swamp:1  | Learned a level 1 spell: Apportation
 48414 | Swamp:2  | Reached XP level 16. HP: 76/76 MP: 36/40
 48982 | Swamp:2  | Found a runed translucent gate.
 48983 | Swamp:2  | Noticed Rusuj's ghost (journeyman GrBe)
 49115 | Swamp:2  | Found a runed translucent gate.
 49119 | Swamp:2  | Found a runed translucent gate.
 49131 | Swamp:2  | Identified Zelavy's Almanac of Intoxication
 50490 | Swamp:3  | Noticed Mara
 50507 | Swamp:3  | Noticed pk666's illusion
 50517 | Swamp:2  | HP: 1/76 [alligator (13)]
 50517 | Swamp:2  | Mangled by an alligator

Levels and vault maps discovered:
D:1:      dpeg_arrival_subterranean_lakeside_camping, layout_loops_ring
D:2:      cheibrodos_helix_gallery, layout_loops_corners, first_ration
D:3:      layout_basic, biasface_ghost_orc_armoury
D:4:      minmay_opposing_rooms, layout_basic, kennysheep_mini_moat,
          kennysheep_little_box, hangedman_abyss_or_decor_lesser_grid,
          uniq_crazy_yiuf_cottage, uniq_blork_the_orc, uniq_edmund
D:5:      gammafunk_cloud_chamber, layout_basic, kennysheep_mini,
          minmay_manual_macuahuitl
D:6:      layout_basic, grunt_temple_overflow_open,
          minmay_temple_entry_large_hall, gup_sewer_entry_spiral,
          serial_bayou_lake_a, uniq_eustachio
D:7:      layout_rooms, gammafunk_ghost_grave, kennysheep_boxes, uniq_pikel
D:8:      layout_loops_corners, lemuel_coloured_pillars_altar,
          hangedman_little_slice_of_home, hangedman_abyss_or_decor_passed,
          minmay_crossroads
D:9:      layout_basic, okawaru_ov_weapons_minmay, erik_lair_orcish_takeover
D:10:     layout_basic, erik_orc_2, uniq_harold
D:11:     layout_loops_corners
D:12:     layout_roguey, uniq_snorg, uniq_sonja
D:13:     doesnt_quadruple_sword, layout_loops_corners, david_vaults_4,
          uniq_maurice
D:14:     layout_small_grid, minivault_24, uniq_roxanne, uniq_louise
D:15:     gammafunk_depths_entry_grave, layout_basic, minmay_misc_feat_ornament,
          serial_shops, bzr_in_the_mist, hangedman_glass_teeth, minivault_13
Temple:   regret_index_temple_waves
Lair:1:   layout_regular_city, basic_altar, grunt_megastairs_2
Lair:2:   layout_small_grid, nicolae_swamp_entry_splash_gauntlet,
          spider_nest_entry_a, beast_lair_carwin_7
Lair:3:   layout_misc_corridors, lemuel_fruit_tree
Lair:4:   layout_gridlike, hellmonk_ghost_happy_afterlife,
          chequers_serial_rivers_room_a, fungi_pond_lemuel, pond
Lair:5:   layout_roguey, nicolae_slime_entry_slimehenge, serial_rivers,
          chequers_serial_rivers_room_b, chequers_serial_rivers_large_b,
          chequers_serial_rivers_micro_a, chequers_serial_rivers_marsh,
          chequers_serial_rivers_room_a, chequers_serial_rivers_micro_e,
          wad_woods_06, uniq_kirke
Lair:6:   evil_forest, layout_misc_corridors, zaba_anthell,
          serial_bayou_shore_a, infiniplex_staircase_pool_2,
          serial_bayou_shore_b, lemuel_fruit_fields
Swamp:1:  layout_basic_swamp, evilmike_swamp_ruin_house_4, swamp_pool3,
          nicolae_swamp_necromancer_hut
Swamp:2:  layout_falls_marsh, gammafunk_ghost_hydra_chop,
          hangedman_swamp_ruin_wall
Swamp:3:  layout_falls_marsh, evilmike_swamp_ruin_house_6, uniq_mara
Orc:1:    layout_diamond_mine, library_closet
Orc:2:    st_orc_elflike, layout_diamond_mine, basic_altar, minmay_orc_temple_a,
          uniq_rupert

Skill      XL: |  1  2  3  4  5  6  7  8  9 10 11 12 13 14 15 16 |
---------------+-------------------------------------------------+-----
Dodging        | 3 5 7 9 10 12 13 14 16 | 16.4
Conjurations   | 2 3 4 6 7 9 10 12 13 14 | 14.9
Spellcasting   | 5 6 7 8 10 11 13 14 15 17 18 | 18.4
Poison Magic   | 1 2 3 |  3.1
Fire Magic     | 1 2 4 5 7 9 10 11 13 14 | 14.8
Air Magic      | 1 2 |  2.0
Translocations | 2 3 |  3.0
Necromancy     | 5 6 |  6.6
Earth Magic    | 5 |  5.0
Stealth        | |  2.4
Summonings     | |  1.1

Action                   |  1- 3 |  4- 6 |  7- 9 | 10-12 | 13-15 | 16-18 || total
-------------------------+-------+-------+-------+-------+-------+-------++-------
Melee: Dagger            |     7 |    18 |    29 |    60 |    78 |     2 ||   194
 Cast: Magic Dart        |   105 |   132 |   481 |   366 |    21 |     1 ||  1106
       Mephitic Cloud    |     1 |     6 |    26 |    51 |    68 |       ||   152
       Conjure Flame     |       |    11 |    36 |    76 |    43 |     1 ||   167
       Blink             |       |     3 |     2 |     4 |     7 |       ||    16
       Iskenderun's Myst |       |       |       |   174 |   324 |       ||   498
       Force Lance       |       |       |       |    85 |   176 |     2 ||   263
       Throw Icicle      |       |       |       |    32 |    50 |       ||    82
       Sticky Flame      |       |       |       |     1 |    38 |       ||    39
       Orb of Destructio |       |       |       |       |    20 |     9 ||    29
       Bolt of Magma     |       |       |       |       |    23 |       ||    23
       Fireball          |       |       |       |       |   210 |    44 ||   254
       Iron Shot         |       |       |       |       |    56 |    34 ||    90
       Apportation       |       |       |       |       |     4 |     7 ||    11
       Borgnjor's Vile C |       |       |       |       |       |     1 ||     1
  Use: Scroll            |       |     3 |       |    23 |    16 |     2 ||    44
       Potion            |       |       |       |     9 |     4 |     2 ||    15
 Stab: Confused          |     1 |     1 |     2 |     1 |     4 |       ||     9
  Eat: Chunk             |     5 |     8 |    13 |    30 |    41 |     3 ||   100
       Ration            |       |       |     3 |     3 |     9 |     2 ||    17
Armor: Robe              |     3 |     7 |    12 |    17 |    13 |       ||    52
Dodge: Dodged            |    20 |    21 |   103 |   104 |   240 |    18 ||   506

Table legend:
 A = Non-vault XP
 B = Vault XP
 C = Vault XP percentage of total XP
 D = Non-vault monster count
 E = Vault monster count
 F = Vault count percentage of total count
                 A         B        C        D         E       F
            +---------+---------+-------+---------+---------+-------
      Total |  110226 |   61904 |  36.0 |     659 |     265 |  28.7
            +---------+---------+-------+---------+---------+-------
        D:1 |      33 |       8 |  19.5 |      21 |       6 |  22.2
        D:2 |      69 |       3 |   4.2 |      14 |       2 |  12.5
        D:3 |     166 |       0 |   0.0 |      28 |       0 |   0.0
        D:4 |     581 |     480 |  45.2 |      26 |       8 |  23.5
        D:5 |     864 |     173 |  16.7 |      17 |       4 |  19.0
        D:6 |     925 |     242 |  20.7 |      23 |       7 |  23.3
        D:7 |    1293 |     629 |  32.7 |      26 |       1 |   3.7
        D:8 |     622 |     206 |  24.9 |       8 |       9 |  52.9
        D:9 |    1620 |     550 |  25.3 |      36 |       7 |  16.3
       D:10 |    3543 |    1580 |  30.8 |      39 |      20 |  33.9
       D:11 |    6562 |       0 |   0.0 |      28 |       0 |   0.0
       D:12 |    1305 |    1980 |  60.3 |      17 |       2 |  10.5
       D:13 |    4421 |    3537 |  44.4 |      33 |       3 |   8.3
       D:14 |    7977 |    3514 |  30.6 |      35 |       2 |   5.4
       D:15 |    8114 |   10377 |  56.1 |      17 |      15 |  46.9
     Lair:1 |    4487 |     831 |  15.6 |      24 |       4 |  14.3
     Lair:2 |    4419 |    3958 |  47.2 |      20 |      18 |  47.4
     Lair:3 |    3427 |       0 |   0.0 |      14 |       0 |   0.0
     Lair:4 |    6462 |     626 |   8.8 |      33 |       5 |  13.2
     Lair:5 |    7566 |    5126 |  40.4 |      26 |      12 |  31.6
     Lair:6 |    9918 |   14248 |  59.0 |      43 |      71 |  62.3
    Swamp:1 |    8214 |    1502 |  15.5 |      18 |       8 |  30.8
    Swamp:2 |   12169 |       0 |   0.0 |      36 |       0 |   0.0
    Swamp:3 |    9703 |       0 |   0.0 |      22 |       0 |   0.0
      Orc:1 |     845 |       0 |   0.0 |      16 |       0 |   0.0
      Orc:2 |    4921 |   11548 |  70.1 |      39 |      33 |  45.8
      Sewer |       0 |     786 | 100.0 |       0 |      28 | 100.0
            +---------+---------+-------+---------+---------+-------
